 Dungeon Crawl Stone Soup version 0.28.0 (webtiles) character file.

Game seed: 6620085742301748764

217 ProzacElf the Grave Robber (level 5, 0/35 HPs)
             Began as a Demonspawn Necromancer on Feb 5, 2022.
             Was a Follower of Qazlal.
             Slain by a phantom (5 damage)
             ... on level 6 of the Dungeon.
             The game lasted 00:09:41 (3651 turns).

ProzacElf the Grave Robber (Demonspawn Necromancer) Turns: 3651, Time: 00:09:42

Health: 0/35       AC:  2    Str:  8    XL:     5   Next: 61%
Magic:  0/8        EV: 14    Int: 19    God:    Qazlal [*.....]
Gold:   136        SH:  6    Dex: 13    Spells: 3/8 levels left

rFire   . . .      SeeInvis .   a - +0 morningstar (freeze)
rCold   . . .      Faith    .   e - +0 buckler
rNeg    . . .      Spirit   +   j - +0 robe
rPois   .          Reflect  .   (no helmet)
rElec   .          Harm     .   (no cloak)
rCorr   .          Rampage  .   (no gloves)
Will    .....                   (no boots)
Stlth   ++........              h - amulet of guardian spirit
HPRegen 0.11/turn               (no ring)
MPRegen 0.11/turn               (no ring)

@: no status effects
A: claws 1, repulsion field 1, ignite blood 2
a: Renounce Religion


You were on level 6 of the Dungeon.
You worshipped Qazlal.
Qazlal was aware of your devotion.
You visited 1 branch of the dungeon, and saw 5 of its levels.

You collected 162 gold pieces.
You spent 26 gold pieces at shops.

Inventory:

Hand Weapons
 a - a +0 morningstar of freezing (weapon)
 c - a +0 halberd
 l - a +0 flail
 r - a +0 spear
Missiles
 b - 63 stones
 f - 6 poisoned darts
 q - 5 boomerangs (quivered)
Armour
 e - a +0 buckler (worn)
 j - a +0 robe (worn)
 k - a +0 pair of gloves
Jewellery
 h - an amulet of guardian spirit (around neck)
Scrolls
 d - 3 scrolls of teleportation
 g - a scroll of vulnerability {unknown}
 i - 2 scrolls of identify
 o - a scroll of enchant weapon {unknown}
 p - a scroll of immolation {unknown}
 t - a scroll of magic mapping {unknown}
 v - a scroll of fear {unknown}
Potions
 m - a potion of curing
 n - a potion of cancellation {unknown}
 s - a potion of invisibility {unknown}
 u - 2 potions of flight {unknown}


   Skills:
 + Level 3.7 Dodging
 - Level 2.0 Stealth
 + Level 3.0 Shields
 - Level 2.0 Spellcasting
 - Level 5.0 Necromancy


You had 3 spell levels left.
You knew the following spells:

 Your Spells              Type           Power      Damage    Failure   Level
a - Pain                  Necr           80%        1d8       2%          1
b - Vampiric Draining     Necr           20%        2d7       9%          3
z - Animate Skeleton      Necr           40%        N/A       2%          1

Your spell library contained the following spells:

 Spells                   Type           Power      Damage    Failure   Level
 Sting                    Tmut/Pois      4%         1d3       22%         1
 Poisonous Vapours        Pois/Air       2%         N/A       32%         2
 Portal Projectile        Hex/Tloc       2%         N/A       54%         3
 Animate Dead             Necr           10%        N/A       28%         4
 Agony                    Necr           20%        N/A       61%         5
 Excruciating Wounds      Necr           10%        N/A       61%         5
 Olgreb's Toxic Radiance  Pois           1%         N/A       91%         4
 Blade Hands              Tmut           0%         N/A       99%         5


Dungeon Overview and Level Annotations

Branches:
Dungeon (4/15)
 Temple: D:4-7

Altars:
Nemelex Xobeh
Qazlal

Shops:
D:2 *


Innate Abilities, Weirdness & Mutations

You have sharp fingernails.
You are surrounded by a mild repulsion field. (EV +2)
Your demonic aura often causes spilled blood to erupt in flames.


Message History

Ye ar'n't carryin' any items tha ye can evoke.
Throw: 5 boomerangs
Press: ? - help, Q - select action, (/) - cycle Shift-Dir - straight line, f - phantom
Aim: a phantom (almost destroyed, 43% ta hit) Ye throw a boomerang.
Tha boomerang barely misses tha phantom.
Throw: 5 boomerangs
Press: ? - help, Q - select action, (/) - cycle Shift-Dir - straight line, f/p - phantom
Aim: a phantom (almost destroyed, 43% ta hit) Ye throw a boomerang.
Tha boomerang barely misses tha phantom.
Throw: 5 boomerangs
Press: ? - help, Q - select action, (/) - cycle Shift-Dir - straight line, f/p - phantom
Aim: a phantom (almost destroyed, 43% ta hit) Ye throw a boomerang.
Tha boomerang hits tha phantom but does nay damage.
Tha phantom be almost destroyed.
Ye block tha phantom's attack.
Ye closely miss tha phantom.
Tha phantom be almost destroyed.
Tha phantom closely misses ye.
Ye closely miss tha phantom.
Tha phantom be almost destroyed.
Tha phantom barely misses ye. x2
Ye barely miss tha phantom.
Tha phantom be almost destroyed.
Ye block tha phantom's attack.
Ye completely miss tha phantom.
Tha phantom be almost destroyed.
Ye block tha phantom's attack.
Tha phantom hits ye but does nay damage.
Ye barely miss tha phantom.
Tha phantom be almost destroyed.
Tha phantom hits ye.
* * * LOW HITPOINT WARNIN'
* * * Ye take 3 damage, an' haf 5/35 hp.
Ye now haf 1/8 mp.
Ye miss tha phantom.
Tha phantom be almost destroyed.
Tha phantom hits ye.
Ye die...

....# # #..# #. #.## #h#
##..####.###
#..##...........
.#.......########
...#....##
....!#..#################
.#.#..........@W.........
#......#################
........# ####.#### #. #.


You could see a phantom.

Vanquished Creatures
  Menkaure (D:4)
  A jelly (D:3)
  An adder (D:3)
  A worm (D:2)
  2 dart slugs (D:3)
  An orc (D:4)
  4 ball pythons
  4 endoplasms
  4 giant cockroaches
  2 hobgoblins (D:1)
  4 jackals (D:2)
  4 quokkas
  3 bats
  2 frilled lizards
  3 goblins
  5 kobolds
  6 rats
48 creatures vanquished.

Notes
Turn   | Place    | Note
-------+----------+-------------------------------------------
     0 | D:1      | ProzacElf the Demonspawn Necromancer began the quest for
                  | the Orb.
     0 | D:1      | Reached XP level 1. HP: 13/13 MP: 3/3
   545 | D:1      | Gained mutation: Your demonic aura sometimes causes spilled
                  | blood to erupt in flames. [demonic ancestry]
   545 | D:1      | Reached XP level 2. HP: 18/19 MP: 3/5
   569 | D:1      | Learned a level 1 spell: Animate Skeleton
   695 | D:2      | Found Woneun's Assorted Antiques.
  1230 | D:2      | Bought a black potion for 26 gold pieces
  1378 | D:2      | Reached skill level 5 in Necromancy
  1772 | D:2      | Found a faded altar of an unknown god.
  1787 | D:2      | Prayed at the altar of an unknown god.
  1787 | D:2      | Became a worshipper of Qazlal Stormbringer
  1787 | D:2      | Reached * piety under Qazlal
  2051 | D:2      | Gained mutation: You are surrounded by a mild repulsion
                  | field. (EV +2) [demonic ancestry]
  2051 | D:2      | Reached XP level 3. HP: 17/24 MP: 6/6
  2402 | D:3      | Learned a level 3 spell: Vampiric Draining
  2414 | D:3      | Reached skill level 1 in Shields
  2596 | D:3      | Gained mutation: Your demonic aura often causes spilled
                  | blood to erupt in flames. [demonic ancestry]
  2596 | D:3      | Reached XP level 4. HP: 29/30 MP: 7/7
  2690 | D:3      | Found a sparkling altar of Nemelex Xobeh.
  3331 | D:4      | Noticed Menkaure
  3340 | D:4      | Killed Menkaure
  3341 | D:4      | Gained mutation: You have sharp fingernails. [demonic
                  | ancestry]
  3341 | D:4      | Reached XP level 5. HP: 8/35 MP: 1/8
  3616 | D:4      | You fall into a shaft and drop 2 floors!
  3618 | D:6      | Noticed a phantom
  3651 | D:6      | Slain by a phantom

Illustrated notes

Levels and vault maps discovered:
D:1:      dpeg_arrival_shelter, layout_rooms
D:2:      layout_basic, ebering_ecumenical_altar_abandoned, serial_shops, shop
D:3:      minmay_angry_zag, layout_rooms,
          mainiacjoe_overflow_concentric_impassable, serial_rivers,
          chequers_serial_rivers_marsh, chequers_serial_rivers_small_a,
          chequers_serial_rivers_large_a, chequers_serial_rivers_micro_e,
          chequers_serial_rivers_micro_a, kennysheep_generic_room_8
D:4:      layout_gridville, serial_shops, shop, portal_sewer_entry_a,
          nicolae_shop_firing_range, uniq_menkaure, uniq_pikel
D:6:      layout_loops_ring, minmay_temple_entry_fiery, uniq_blork_the_orc

Skill      XL: |  1  2  3  4 |
---------------+-------------+-----
Dodging        | 2 3 |  3.7
Stealth        | 2 |  2.0
Necromancy     | 5 |  5.0
Shields        | 1 3 |  3.0
Spellcasting   | |  2.0

Action                   |  1- 3 |  4- 6 || total
-------------------------+-------+-------++-------
Melee: Unarmed           |     4 |       ||     4
       Spear             |    27 |       ||    27
       Morningstar       |    33 |    61 ||    94
Throw: Boomerang         |       |     3 ||     3
 Cast: Pain              |    36 |     5 ||    41
       Animate Skeleton  |       |     1 ||     1
  Use: Scroll            |       |     3 ||     3
       Potion            |       |     1 ||     1
Armor: Robe              |    19 |    14 ||    33
Dodge: Dodged            |    56 |    42 ||    98
Block: Buckler           |    16 |    15 ||    31
